| TOP OF THE 1ST |
|
Seattle Mariners batting - Pitching for Oakland Athletics : RHP Ron G Davis
|
|
Pitching: RHP Ron G Davis
|
|
|
Batting: LHB Jose Perales
|
0-0: SINGLE (Groundball, 6D, EV 106.9 MPH)
|
|
Batting: LHB Don Mattingly
|
0-0: Called Strike 0-1: Called Strike 0-2: Fielders Choice at 2nd, 4-6 (Groundball, 4, EV 105.6 MPH)
|
|
Batting: RHB Robin Yount
|
0-0: Foul Ball, location: 2F 0-1: SINGLE (Groundball, 56D, EV 97.5 MPH) Don Mattingly to second
|
|
Batting: LHB Chris Wynn
|
0-0: Ball 1-0: Foul Ball, location: 2F 1-1: Ball 2-1: Foul Ball, location: 2F 2-2: Grounds into double play, 4-6-3 (Groundball, 34, EV 101.3 MPH)
|
| Top of the 1st over - 0 runs, 2 hits, 0 errors, 1 left on base; Seattle 0 - Oakland 0 |
| BOTTOM OF THE 1ST |
|
Oakland Athletics batting - Pitching for Seattle Mariners : RHP Bob Moose
|
|
Pitching: RHP Bob Moose
|
|
|
Batting: RHB Scott Fletcher
|
0-0: Ball 1-0: Ground out 5-3 (Groundball, 56, EV 85.0 MPH)
|
|
Batting: LHB Ruppert Jones
|
0-0: Ball 1-0: Swinging Strike 1-1: Foul Ball, location: 2F 1-2: Fly out, F9 (Flyball, 9LD, EV 96.3 MPH)
|
|
Batting: RHB Dave Henderson
|
0-0: Ball 1-0: Foul Ball, location: 2F 1-1: Called Strike 1-2: Foul Ball, location: 2F 1-2: Ground out 6-3 (Groundball, P, EV 76.3 MPH)
|
| Bottom of the 1st over - 0 runs, 0 hits, 0 errors, 0 left on base; Seattle 0 - Oakland 0 |
| TOP OF THE 2ND |
|
Seattle Mariners batting - Pitching for Oakland Athletics : RHP Ron G Davis
|
|
Batting: RHB Tony Conigliaro
|
0-0: Ball 1-0: Ball 2-0: Foul Ball, location: 2F 2-1: Ball 3-1: Called Strike 3-2: Strikes out swinging
|
|
Batting: LHB Mike Stenhouse
|
0-0: Ball 1-0: SINGLE (Line Drive, 5D, EV 95.6 MPH)
|
|
Batting: RHB Bobby Bonds
|
0-0: Called Strike 0-1: Foul Ball, location: 2F 0-2: Strikes out swinging
|
|
Batting: RHB Ryne Sandberg
|
0-0: Ball 1-0: Foul Ball, location: 2F 1-1: Ball 2-1: Ball 3-1: Fly out, F6 (Popup, P, EV 76.9 MPH)
|
| Top of the 2nd over - 0 runs, 1 hit, 0 errors, 1 left on base; Seattle 0 - Oakland 0 |
| BOTTOM OF THE 2ND |
|
Oakland Athletics batting - Pitching for Seattle Mariners : RHP Bob Moose
|
|
Batting: LHB Reggie Jackson
|
0-0: Ball 1-0: Swinging Strike 1-1: Foul Ball, location: 2F 1-2: Ball 2-2: Ball 3-2: Strikes out looking
|
|
Batting: RHB George Hendrick
|
0-0: Foul Ball, location: 2F 0-1: Ball 1-1: Called Strike 1-2: Foul Ball, location: 2F 1-2: Fly out, F8 (Flyball, 8LD, EV 102.5 MPH)
|
|
Batting: RHB Barry Evans
|
0-0: Called Strike 0-1: Called Strike 0-2: Foul Ball, location: 2F 0-2: Strikes out swinging
|
| Bottom of the 2nd over - 0 runs, 0 hits, 0 errors, 0 left on base; Seattle 0 - Oakland 0 |
| TOP OF THE 3RD |
|
Seattle Mariners batting - Pitching for Oakland Athletics : RHP Ron G Davis
|
|
Batting: RHB Ken Reitz
|
0-0: Ball 1-0: Ground out 4-3 (Groundball, 4M, EV 84.4 MPH)
|
|
Batting: LHB Jose Perales
|
0-0: Ball 1-0: Ball 2-0: Called Strike 2-1: Foul Ball, location: 2F 2-2: Ball 3-2: Foul Ball, location: 2F 3-2: Base on Balls
|
|
Batting: LHB Don Mattingly
|
0-0: Ball 1-0: Called Strike 1-1: Ball 2-1: Fly out, F6 (Popup, 6D, EV 55.0 MPH)
|
|
Batting: RHB Robin Yount
|
0-0: Called Strike 0-1: Called Strike 0-2: Ball 1-2: Foul Ball, location: 2F 1-2: Hit by Pitch Jose Perales to second
|
|
Batting: LHB Chris Wynn
|
0-0: Called Strike 0-1: Ground out 4-3 (Groundball, 4S, EV 90.6 MPH)
|
| Top of the 3rd over - 0 runs, 0 hits, 0 errors, 2 left on base; Seattle 0 - Oakland 0 |
| BOTTOM OF THE 3RD |
|
Oakland Athletics batting - Pitching for Seattle Mariners : RHP Bob Moose
|
|
Batting: LHB Ben Oglivie
|
0-0: Called Strike 0-1: Foul Ball, location: 2F 0-2: Ball 1-2: Ground out 4-3 (Groundball, 4, EV 102.5 MPH)
|
|
Batting: RHB Fred Andrews
|
0-0: Ground out 6-3 (Groundball, 6, EV 105.0 MPH)
|
|
Batting: RHB Barry Foote
|
0-0: Ball 1-0: Ball 2-0: Ball 3-0: Called Strike 3-1: Reached on error, E3 (Groundball, 34S, EV 90.0 MPH)
|
|
Batting: RHB Scott Fletcher
|
0-0: Fly out, F8 (Line Drive, 8LD, EV 101.9 MPH)
|
| Bottom of the 3rd over - 0 runs, 0 hits, 1 error, 1 left on base; Seattle 0 - Oakland 0 |
| TOP OF THE 4TH |
|
Seattle Mariners batting - Pitching for Oakland Athletics : RHP Ron G Davis
|
|
Batting: RHB Tony Conigliaro
|
0-0: Ball 1-0: Ball 2-0: Called Strike 2-1: Foul Ball, location: 2F 2-2: Ball 3-2: Foul Ball, location: 2F 3-2: Base on Balls
|
|
Batting: LHB Mike Stenhouse
|
0-0: Ball 1-0: Ball 2-0: Called Strike 2-1: Called Strike 2-2: Foul Ball, location: 2F 2-2: Ball 3-2: Foul Ball, location: 2F 3-2: Base on Balls Tony Conigliaro to second
|
|
Batting: RHB Bobby Bonds
|
0-0: Ball 1-0: Ball 2-0: Ball 3-0: Base on Balls Tony Conigliaro to third Mike Stenhouse to second
|
|
Batting: RHB Ryne Sandberg
|
0-0: Called Strike 0-1: Foul Ball, location: 2F 0-2: SINGLE (Flyball, 4D, EV 93.8 MPH) Tony Conigliaro scores Mike Stenhouse to third Bobby Bonds to second
|
|
Batting: RHB Ken Reitz
|
0-0: Fly out, F8 (Flyball, 8RM, EV 86.9 MPH) Runner from 3rd tags up, SCORES, throw by CF
|
|
Batting: LHB Jose Perales
|
0-0: Ball Bobby Bonds steals 3rd base 1-0: Called Strike 1-1: Foul Ball, location: 2F 1-2: Foul Ball, location: 2F 1-2: Ball 2-2: TRIPLE (Line Drive, 89XD, EV 101.3 MPH) Bobby Bonds scores Ryne Sandberg scores
|
|
Batting: LHB Don Mattingly
|
0-0: Ball 1-0: Ball 2-0: Ground out 4-3 (Groundball, 4, EV 102.5 MPH) Jose Perales scores
|
|
Batting: RHB Robin Yount
|
0-0: Called Strike 0-1: Foul Ball, location: 2F 0-2: Ball 1-2: Ball 2-2: Ball 3-2: Ground out 5-3 (Groundball, 56S, EV 80.6 MPH)
|
| Top of the 4th over - 5 runs, 2 hits, 0 errors, 0 left on base; Seattle 5 - Oakland 0 |
| BOTTOM OF THE 4TH |
|
Oakland Athletics batting - Pitching for Seattle Mariners : RHP Bob Moose
|
|
Batting: LHB Ruppert Jones
|
0-0: Ball 1-0: SOLO HOME RUN (Flyball, 9D, EV 94.4 MPH), Distance : 371 ft
|
|
Batting: RHB Dave Henderson
|
0-0: Ball 1-0: Ball 2-0: Called Strike 2-1: Fly out, F4 (Popup, 4D, EV 53.8 MPH)
|
|
Batting: LHB Reggie Jackson
|
0-0: Ball 1-0: Called Strike 1-1: Foul Ball, location: 2F 1-2: Ball 2-2: Ball 3-2: Foul Ball, location: 2F 3-2: Fly out, F9 (Line Drive, 9D, EV 97.5 MPH)
|
|
Batting: RHB George Hendrick
|
0-0: Ball 1-0: Fly out, F7 (Line Drive, 7D, EV 92.5 MPH)
|
| Bottom of the 4th over - 1 run, 1 hit, 0 errors, 0 left on base; Seattle 5 - Oakland 1 |
| TOP OF THE 5TH |
|
Seattle Mariners batting - Pitching for Oakland Athletics : RHP Ron G Davis
|
|
Batting: LHB Chris Wynn
|
0-0: Ball 1-0: Ball 2-0: Foul Ball, location: 2F 2-1: Ground out 5-3 (Groundball, 56, EV 83.1 MPH)
|
|
Batting: RHB Tony Conigliaro
|
0-0: Ball 1-0: Called Strike 1-1: Ground out 6-3 (Groundball, 6, EV 85.6 MPH)
|
|
Batting: LHB Mike Stenhouse
|
0-0: Foul Ball, location: 2F 0-1: Swinging Strike 0-2: SOLO HOME RUN (Flyball, 8LXD, EV 105.0 MPH), Distance : 424 ft
|
|
Pitching: LHP Bob Knepper
|
|
|
Batting: RHB Bobby Bonds
|
0-0: Ball 1-0: Foul Ball, location: 2F 1-1: Ball 2-1: Foul Ball, location: 2F 2-2: Strikes out looking
|
| Top of the 5th over - 1 run, 1 hit, 0 errors, 0 left on base; Seattle 6 - Oakland 1 |
| BOTTOM OF THE 5TH |
|
Oakland Athletics batting - Pitching for Seattle Mariners : RHP Bob Moose
|
|
Batting: RHB Barry Evans
|
0-0: Ball 1-0: Ball 2-0: Foul Ball, location: 2F 2-1: Foul Ball, location: 2F 2-2: Foul Ball, location: 2F 2-2: Ball 3-2: Base on Balls
|
|
Batting: LHB Ben Oglivie
|
0-0: Called Strike 0-1: Grounds into double play, 4-6-3 (Groundball, 4, EV 91.9 MPH)
|
|
Batting: RHB Fred Andrews
|
0-0: Fly out, F6 (Popup, P, EV 80.6 MPH)
|
| Bottom of the 5th over - 0 runs, 0 hits, 0 errors, 0 left on base; Seattle 6 - Oakland 1 |
| TOP OF THE 6TH |
|
Seattle Mariners batting - Pitching for Oakland Athletics : LHP Bob Knepper
|
|
Batting: RHB Ryne Sandberg
|
0-0: Ball 1-0: Ball 2-0: Ball 3-0: Called Strike 3-1: Swinging Strike 3-2: Base on Balls
|
|
Batting: RHB Ken Reitz
|
0-0: DOUBLE (Flyball, 8LD, EV 100.0 MPH) Ryne Sandberg to third
|
|
Batting: LHB Jose Perales
|
0-0: Called Strike 0-1: Ball 1-1: Foul Ball, location: 2F 1-2: Strikes out swinging
|
|
Batting: LHB Don Mattingly
|
0-0: Called Strike 0-1: Foul Ball, location: 2F 0-2: Strikes out swinging
|
|
Batting: RHB Robin Yount
|
0-0: Ball 1-0: Ball 2-0: Called Strike 2-1: Ball 3-1: Foul Ball, location: 2F 3-2: Foul Ball, location: 2F 3-2: Foul Ball, location: 2F 3-2: Base on Balls
|
|
Batting: LHB Chris Wynn
|
0-0: GRAND SLAM HOME RUN (Flyball, 89XD, EV 94.4 MPH), Distance : 411 ft
|
|
Batting: RHB Tony Conigliaro
|
0-0: Called Strike 0-1: Ball 1-1: Fly out, F8 (Line Drive, 8RD, EV 90.0 MPH)
|
| Top of the 6th over - 4 runs, 2 hits, 0 errors, 0 left on base; Seattle 10 - Oakland 1 |
| BOTTOM OF THE 6TH |
|
Oakland Athletics batting - Pitching for Seattle Mariners : RHP Bob Moose
|
|
Batting: RHB Barry Foote
|
0-0: Called Strike 0-1: Swinging Strike 0-2: Foul Ball, location: 2F 0-2: Strikes out swinging
|
|
Batting: RHB Scott Fletcher
|
0-0: Swinging Strike 0-1: Foul Ball, location: 2F 0-2: Ball 1-2: Fly out, F9 (Flyball, 9, EV 92.5 MPH)
|
|
Batting: LHB Ruppert Jones
|
0-0: Ball 1-0: Ground out 4-3 (Groundball, 4M, EV 86.3 MPH)
|
| Bottom of the 6th over - 0 runs, 0 hits, 0 errors, 0 left on base; Seattle 10 - Oakland 1 |
| TOP OF THE 7TH |
|
Seattle Mariners batting - Pitching for Oakland Athletics : LHP Bob Knepper
|
|
Batting: LHB Mike Stenhouse
|
0-0: Called Strike 0-1: Ball 1-1: Ball 2-1: Swinging Strike 2-2: Foul Ball, location: 2F 2-2: Fly out, F5 (Popup, 5, EV 65.6 MPH)
|
|
Batting: RHB Bobby Bonds
|
0-0: Ball 1-0: Ball 2-0: Ball 3-0: Base on Balls
|
|
Pitching: LHP Bob Falcon
|
|
|
Batting: RHB Ryne Sandberg
|
0-0: Swinging Strike 0-1: Swinging Strike 0-2: Ball 1-2: Strikes out looking
|
|
Batting: RHB Ken Reitz
|
0-0: Ball 1-0: Ball 2-0: Ball 3-0: Base on Balls Bobby Bonds to second
|
|
Batting: LHB Jose Perales
|
0-0: Ball 1-0: Ball 2-0: Fielders Choice at 2nd, 6-4 (Groundball, 6, EV 95.6 MPH)
|
| Top of the 7th over - 0 runs, 0 hits, 0 errors, 2 left on base; Seattle 10 - Oakland 1 |
| BOTTOM OF THE 7TH |
|
Oakland Athletics batting - Pitching for Seattle Mariners : RHP Bob Moose
|
|
Batting: RHB Dave Henderson
|
0-0: Called Strike 0-1: Called Strike 0-2: Foul Ball, location: 2F 0-2: Fly out, F9 (Flyball, 9D, EV 101.3 MPH)
|
|
Batting: LHB Reggie Jackson
|
0-0: Ball 1-0: Foul Ball, location: 2F 1-1: Fly out, F4 (Popup, 4, EV 63.8 MPH)
|
|
Batting: RHB George Hendrick
|
0-0: Fly out, F9 (Flyball, 9LM, EV 93.8 MPH)
|
| Bottom of the 7th over - 0 runs, 0 hits, 0 errors, 0 left on base; Seattle 10 - Oakland 1 |
| TOP OF THE 8TH |
|
Seattle Mariners batting - Pitching for Oakland Athletics : LHP Bob Falcon
|
|
Batting: LHB Don Mattingly
|
0-0: Ball 1-0: SINGLE (Groundball, 56D, EV 109.4 MPH)
|
|
Batting: RHB Robin Yount
|
0-0: Foul Ball, location: 2F 0-1: Called Strike 0-2: Grounds into double play, 4-6-3 (Groundball, 4, EV 83.1 MPH)
|
|
Batting: LHB Chris Wynn
|
0-0: Fly out, F7 (Flyball, 7D, EV 99.4 MPH)
|
| Top of the 8th over - 0 runs, 1 hit, 0 errors, 0 left on base; Seattle 10 - Oakland 1 |
| BOTTOM OF THE 8TH |
|
Oakland Athletics batting - Pitching for Seattle Mariners : RHP Bob Moose
|
|
Batting: RHB Barry Evans
|
0-0: Swinging Strike 0-1: Ball 1-1: Ball 2-1: Swinging Strike 2-2: Ball 3-2: Reached on error, E5 (Groundball, 56S, EV 90.6 MPH)
|
|
Batting: LHB Ben Oglivie
|
0-0: SINGLE (Groundball, 6D, EV 107.5 MPH) Barry Evans to third Runner from 3rd tries for Home, SAFE, throw by CF to home
|
|
Batting: RHB Fred Andrews
|
0-0: Foul Ball, location: 2F 0-1: Called Strike 0-2: Ball 1-2: Grounds into double play, 5-4-3 (Groundball, 56, EV 81.9 MPH)
|
|
Batting: RHB Barry Foote
|
0-0: Ball 1-0: Ball 2-0: Called Strike 2-1: Ball 3-1: Base on Balls
|
|
Batting: RHB Scott Fletcher
|
0-0: Called Strike 0-1: Ball 1-1: Foul Ball, location: 2F 1-2: Ball 2-2: Ball 3-2: Ground out 6-3 (Groundball, 6S, EV 71.9 MPH)
|
| Bottom of the 8th over - 1 run, 1 hit, 1 error, 1 left on base; Seattle 10 - Oakland 2 |
| TOP OF THE 9TH |
|
Seattle Mariners batting - Pitching for Oakland Athletics : LHP Bob Falcon
|
|
Pinch Hitting: RHB Ramon Estepa
|
0-0: Ball 1-0: Ball 2-0: Ball 3-0: Base on Balls
|
|
Batting: LHB Mike Stenhouse
|
0-0: Ball 1-0: Ball 2-0: Ball 3-0: Base on Balls Ramon Estepa to second
|
|
Batting: RHB Bobby Bonds
|
0-0: Swinging Strike 0-1: Ball 1-1: SINGLE (Line Drive, 34D, EV 96.9 MPH) Ramon Estepa to third Mike Stenhouse to second Runner from 3rd tries for Home, SAFE, throw by RF to home
|
|
Batting: RHB Ryne Sandberg
|
0-0: Foul Ball, location: 2F 0-1: Called Strike 0-2: Ball 1-2: Foul Ball, location: 2F 1-2: Fly out, F7 (Flyball, 78S, EV 96.3 MPH)
|
|
Batting: RHB Ken Reitz
|
0-0: Called Strike 0-1: Ball 1-1: Fly out, F2 (Popup, 25F, EV 77.5 MPH)
|
|
Batting: LHB Jose Perales
|
0-0: Swinging Strike 0-1: Ball 1-1: Called Strike 1-2: Foul Ball, location: 2F 1-2: Strikes out swinging
|
| Top of the 9th over - 1 run, 1 hit, 0 errors, 2 left on base; Seattle 11 - Oakland 2 |
| BOTTOM OF THE 9TH |
|
Oakland Athletics batting - Pitching for Seattle Mariners : RHP Bob Moose
|
|
Now in RF: Ramon Estepa
|
|
|
Batting: LHB Ruppert Jones
|
0-0: Ground out 4-3 (Groundball, 4, EV 85.0 MPH)
|
|
Batting: RHB Dave Henderson
|
0-0: Ball 1-0: Swinging Strike 1-1: Foul Ball, location: 2F 1-2: Foul Ball, location: 2F 1-2: DOUBLE (Groundball, 5L, EV 100.0 MPH)
|
|
Pitching: RHP Carlos Diaz
|
|
|
Batting: LHB Reggie Jackson
|
0-0: Foul Ball, location: 2F 0-1: Ball 1-1: Ball 2-1: Foul Ball, location: 2F 2-2: Fly out, F7 (Flyball, 78D, EV 98.1 MPH)
|
|
Batting: RHB George Hendrick
|
0-0: Swinging Strike 0-1: Ball 1-1: Foul Ball, location: 2F 1-2: SINGLE (Groundball, 56D, EV 110.6 MPH) Dave Henderson to third
|
|
Batting: RHB Barry Evans
|
0-0: Called Strike 0-1: DOUBLE (Line Drive, 9LM, EV 103.8 MPH) Dave Henderson scores George Hendrick to third
|
|
Batting: LHB Ben Oglivie
|
0-0: Fly out, F8 (Flyball, 78M, EV 84.4 MPH)
|
| Bottom of the 9th over - 1 run, 3 hits, 0 errors, 2 left on base; Seattle 11 - Oakland 3 |
|